 Dungeon Sprint DCSS version 0.32-a0-38-gb04dd89b9b (webtiles) character file.

Game seed: 11842057673571619088

0 sircluck the Ruffian (level 4, -2/50 HPs)
             Began as a Troll Berserker on Jan 23, 2024.
             Was a Follower of Trog.
             Slain by a killer bee (8 damage)
             ... in the Dungeon (Sprint VI: "Thunderdome").
             The game lasted 00:00:37 (77 turns).

sircluck the Ruffian (Troll Berserker)                Turns: 77, Time: 00:00:37

Health: -2/50      AC:  4    Str: 27    XL:     4   Next: 69%
Magic:  3/3        EV: 11    Int:  3    God:    Trog [*.....]
Gold:   200        SH:  0    Dex:  9    Spells: 3/3 levels left

rFire   . .          .
                       - Unarmed
rCold   . . .        (no shield)
rNeg    . . .        a - +0 animal skin
rPois   .            (helmet restricted)
rElec   .            (no cloak)
rCorr   .            (gloves unavailable)
SInv    .            (boots unavailable)
Will    .....        (no amulet)
Stlth   +            (no ring)
HPRegen 1.08/turn    (no ring)
MPRegen 0.08/turn

%: no teleportation
@: lethally poisoned (-2 -> -3)
A: large, unfitting armour, claws 3, regeneration 1, shaggy fur 1, tough skin 1
a: Renounce Religion, Berserk


You were in the Dungeon.
You worshipped Trog.
Trog was aware of your devotion.
You visited 1 branch You collected 200 gold pieces.

Inventory:

Armour
 a - a +0 animal skin (worn)
Wands
 i - a wand of light (5)
 j - a wand of iceblast (5)
Scrolls
 g - 4 scrolls of blinking
 k - 3 scrolls of fog
Potions
 b - a potion of curing
 c - 4 potions of heal wounds
 d - 4 potions of haste
 e - 2 potions of magic
 f - a potion of berserk rage
 h - a potion of resistance


   Skills:
 + Level 5.1 Fighting
 + Level 5.1 Dodging
 + Level 6.1 Unarmed Combat


You had 3 spell levels left.
You didn't know any spells.
Your spell library was empty.

Dungeon Overview and Level Annotations

Branches:
Dungeon (1/1)

Altars:
Cheibriados
Dithmenos
Gozag
Kikubaaqudgha
Makhleb
Okawaru
Qazlal
Ru
Sif Muna
Trog
Uskayaw
Vehumet
Wu Jian
Yredelemnul
The Shining One
Lugonu

Shops:
D *[=??*?*:[((


Innate Abilities, Weirdness & Mutations

You are too large for most types of armour.
You have claws for hands.
Your natural rate of healing is unusually fast.
You are covered in fur. (AC +1)
You have tough skin. (AC +1)


Message History

You feel very sick. The killer bee stings you. x2
You are more poisoned.
The killer bee poisons you!
You barely miss the killer bee. Your claw misses the killer bee.
The killer bee is heavily wounded.
You feel very sick. The killer bee completely misses you.
The killer bee closely misses you.
You are too injured to fight recklessly!
You are too injured to fight recklessly!
You are too injured to fight recklessly!
You are too injured to fight recklessly!
You are too injured to fight recklessly!
You are too injured to fight recklessly!
You are too injured to fight recklessly!
You are too injured to fight recklessly!
You are too injured to fight recklessly!
You are too injured to fight recklessly!
You are too injured to fight recklessly!
You closely miss the killer bee.
The killer bee is heavily wounded.
You feel sick.
The killer bee stings you but does no damage.
You closely miss the killer bee.
The killer bee is heavily wounded.
You feel sick. The killer bee stings you!
* * * LOW HITPOINT WARNING * * *
The killer bee stings you.
* * * LOW HITPOINT WARNING * * *
You miss the killer bee.
The killer bee is heavily wounded.
You feel sick. The killer bee stings you.
* * * LOW HITPOINT WARNING * * *
The killer bee stings you but does no damage.
You miss the killer bee.
The killer bee is heavily wounded.
You feel sick.
The killer bee stings you but does no damage.
The killer bee stings you!
You die...

###∩........8.# #.8........
##.............###..........
#⌠....†.....###...###.......
#⌠..........# #.<.# .......
#⌠..........###...# .......
##.............###.. ......
###∩........8.# .8.. ...
##∩___......###......
######.8.@y......8.#
#⌠...........⌠#
###.........### #........_
#_........ #........_
#∩.......∩ ##∩.....∩# #.....


You could see a killer bee.

Vanquished Creatures
  2 scorpions (D)
2 creatures vanquished.

Notes
Turn   | Place    | Note
-------+----------+-------------------------------------------
     0 | D        | sircluck the Troll Berserker began the quest for the Orb.
     0 | D        | Reached XP level 1. HP: 22/22 MP: 0/0
     1 | D        | Found a hide-covered altar of Uskayaw.
     1 | D        | Found a snail-covered altar of Cheibriados.
     2 | D        | Found a basalt altar of Yredelemnul.
     2 | D        | Found a stormy altar of Qazlal.
     3 | D        | Found a glowing golden altar of the Shining One.
     4 | D        | Found an ornate altar of the Wu Jian Council.
     4 | D        | Found a radiant altar of Vehumet.
     4 | D        | Found Enlecer's Staff Store.
     4 | D        | Found Baocoh's Magic Scroll Shop.
     5 | D        | Found a sacrificial altar of Ru.
     5 | D        | Found Fixet's Must-Have Magic.
     5 | D        | Found Amynyr Sepi's Magic Scroll Shop.
     5 | D        | Round 1.
    23 | D        | Found an iron altar of Okawaru.
    27 | D        | Found a shadowy altar of Dithmenos.
    27 | D        | Found an ancient bone altar of Kikubaaqudgha.
    27 | D        | Found Vadesk's Timeless Talismans.
    27 | D        | Found Usesicac's Jewellery.
    27 | D        | Noticed a scorpion
    28 | D        | Found Ajaaq's Advanced Armour.
    29 | D        | Found a bloodstained altar of Trog.
    29 | D        | Found a burning altar of Makhleb.
    29 | D        | Found a shimmering blue altar of Sif Muna.
    29 | D        | Found Xisuad's Identification Station.
    32 | D        | Killed a scorpion
    33 | D        | Reached skill level 5 in Unarmed Combat
    33 | D        | Reached XP level 2. HP: 32/32 MP: 1/1
    33 | D        | Reached XP level 3. HP: 39/39 MP: 2/2
    45 | D        | Noticed a scorpion
    48 | D        | Found Ribbaecw's Premium Goods.
    48 | D        | Found Yddeuf's Miscellaneous Merchandise.
    58 | D        | Killed a scorpion
    59 | D        | Reached skill level 5 in Fighting
    59 | D        | Reached skill level 5 in Dodging
    59 | D        | Reached skill level 6 in Unarmed Combat
    59 | D        | Reached XP level 4. HP: 38/50 MP: 3/3
    64 | D        | Found Bohyruor's Basic Armour.
    65 | D        | Found a corrupted altar of Lugonu.
    65 | D        | Found an opulent altar of Gozag.
    65 | D        | Found Umia's Weapon Rack.
    77 | D        | Slain by a killer bee

Illustrated notes

Levels and vault maps discovered:
D:        arena_sprint

Skill      XL: |  1  2  3 |
---------------+----------+-----
Fighting       | 4 5 |  5.1
Dodging        | 4 5 |  5.1
Unarmed Combat | 5 6 |  6.1

Action                     |  1- 3 |  4- 6 || total
---------------------------+-------+-------++-------
  Melee: Unarmed           |    12 |    12 ||    24
 Armour: Animal skin       |     5 |    12 ||    17
  Dodge: Dodged            |     7 |     9 ||    16

Table legend: (Time is in decaauts)
 A = Elapsed time spent in this place.
 B = Non-inter-level travel time spent in this place.
 C = Inter-level travel time spent in this place.
 D = Time resting spent in this place.
 E = Time spent auto-exploring this place.
 F = Levels seen in this place.
 G = Mean time per level.
                   A        B        C        D        E       F      G
               +--------+--------+--------+--------+--------+-----+--------+
         Total |     74 |     74 |      0 |      0 |     36 |   1 |   74.0 |
       Dungeon |     74 |     74 |      0 |      0 |     36 |   1 |   74.0 |
               +--------+--------+--------+--------+--------+-----+--------+

Top non-repeatable levels by time:
       D: 74 daAuts
